 Dungeon Crawl Stone Soup version 0.32-a0-132-g2d33c3cfaf (webtiles) character file.

Game seed: 8877766605880224945

401 Daunt the Magician (level 7, -2/47 HPs)
             Began as a Djinni Alchemist on Feb 10, 2024.
             Was an Initiate of Dithmenos.
             Slain by an ancient zyme (10 damage)
             ... on level 1 of the Abyss.
             The game lasted 00:14:51 (3098 turns).

Daunt the Magician (Djinni Alchemist)               Turns: 3098, Time: 00:14:51

Health: -2/47      AC: 10    Str:  6 (7)  XL:     7   Next: 11%
Gold:   200        EV: 11    Int: 23 (24) God:    Dithmenos [......] SH:  0 Dex: 11 (14)

rFire   + + .        s - +2 long sword (vamp)
rCold   x . .        (no shield)
rNeg    . . .        z - +3 leather armour
rPois   ∞            h - +2 helmet
rElec   .            q - scarf {repulsion}
rCorr   .            g - +0 pair of gloves
SInv    .            (boots unavailable)
Will    .....        (no amulet)
Stlth   +            p - +6 ring of intelligence
HPRegen 0.27/turn    (no ring)
MPRegen 0.00/turn

%: repel missiles, infuse magic (-3 HP)
@: brilliant, flying, hasted (expiring), very quick
A: reduced essence, sickness immunity, fire resistance 2, cold vulnerability 1,
float, innate caster, HP casting, extra vitality 1
a: Renounce Religion


You were on level 1 of the Abyss.
You worshipped Dithmenos.
Dithmenos was noncommittal.
You visited 1 branch of the dungeon, and saw 4 of its levels.
You visited the Abyss 1 time.

You collected 200 gold pieces.

Inventory:

Hand Weapons
 s - a +2 vampiric long sword (weapon)
 y - a +2 trident of protection
Missiles
 b - 19 stones
 x - 4 poisoned darts
Armour
 a - a +0 robe
 c - a +0 leather armour
 g - a +0 pair of gloves (worn)
 h - a +2 helmet (worn)
 q - a scarf of repulsion (worn)
 z - a +3 leather armour (worn)
Jewellery
 m - a ring of ice
 p - a +6 ring of intelligence (left hand)
Wands
 d - a wand of roots (14)
 n - a wand of charming (3)
 o - a wand of flame (33)
 w - a wand of quicksilver (6)
Scrolls
 e - a scroll of blinking {unknown}
 f - a scroll of enchant armour {unknown}
 i - 2 scrolls of identify {unknown}
 j - 2 scrolls of teleportation {unknown}
 k - a scroll of summoning {unknown}
 l - a scroll of fog {unknown}


   Skills:
 + Level 4.4 Fighting
 - Level 2.1 Dodging
 - Level 1.5 Stealth
 * Level 5.0 Spellcasting
 * Level 5.0 Conjurations
 * Level 5.0 Hexes
   Level 0.0 Charms
 * Level 5.0 Summonings
 * Level 5.0 Necromancy
 * Level 5.0 Translocations
   Level 0.0 Transmutations
 * Level 5.0 Fire Magic
 * Level 5.0 Ice Magic
 * Level 5.0 Air Magic
 * Level 5.0 Earth Magic
 * Level 5.0 Alchemy


You knew the following spells:

 Your Spells              Type           Power      Damage    Failure   Level
a - Sting                 Conj/Alch      100%       1d9       1%          1
b - Lesser Beckoning      Tloc           86%        N/A       2%          2
c - Mephitic Cloud        Conj/Alch/Air  43%        N/A       5%          3
e - Sticky Flame          Fire/Alch      43%        2d8       19%         4
j - Jinxbite              Hex            86%        N/A       2%          2
n - Necrotise             Necr           100%       1d9       1%          1
t - Olgreb's Toxic Radia  Alch           43%        N/A       19%         4
v - Mercury Vapours       Alch/Air       86%        N/A       2%          2
Your spell library was empty.

Dungeon Overview and Level Annotations

Branches:
Dungeon (4/15)
 Temple: D:4-7

Altars:
Hepliaklqana
Makhleb
Qazlal
The Shining One

Annotations:
D:4 Dowan, Duvessa


Innate Abilities, Weirdness & Mutations

Your life essence is reduced to manifest your ancestor. (-10% HP)
You are immune to sickness and miasma.
You are immune to poison.
Your flesh is very heat resistant. (rF++)
You are vulnerable to cold. (rC-)
You float through the air rather than walking.
You learn spells naturally, not from books.
Your magical power is your life essence.
You have superior vitality. (+4 MHP)


Message History

Space warps around you.
* * * LOW HITPOINT WARNING * * *
It was a potion of degeneration.
There was something very wrong with that liquid.
You feel weakened.
You feel dopey.
You feel clumsy. The hound barely misses you.
Lucius completely misses the hound.
It was a potion of attraction.
You feel attractive to monsters. The kobold barely misses you.
The orc closely misses you.
The orc hits Lucius with a +0 hand axe.
The orc hits you but does no damage.
You are cast into the Abyss!
This branch contains the abyssal rune of Zot.
Found two gateways leading deeper into the Abyss.
Found a shadowy altar of Dithmenos.
There is a shadowy altar of Dithmenos here.
You hover solemnly before the altar of Dithmenos.
You have lost your religion!
Hepliaklqana does not appreciate desertion!
Dithmenos welcomes you!
Found a gateway leading deeper into the Abyss.
The jelly quivers.
There are monsters nearby!
Unknown command.
The jelly is attracted toward you.
The small abomination attacks as it pursues you!
The small abomination hits you.
* * * LOW HITPOINT WARNING * * *
You feel less attractive to monsters.
A worldbinder comes into view.
The worldbinder calls forth creatures from the Elven Halls!
The deep elf zephyrmancer casts a spell at you.
The bolt of lightning misses you.
You hear a shout!
A large abomination comes into view.
A lich comes into view.
The lich shouts!
Your extra speed is starting to run out.
An ancient zyme comes into view.
The ancient zyme hits you!
You die...

#. # .# #.
#. .L#x#
... #.##
#.##
.......#.#§
###.####@x§
#.### #.#
#.# ###


You could see an ancient zyme and a small abomination.

Vanquished Creatures
  Sigmund (D:2)
  A howler monkey (D:3)
  Ijyb (D:3)
  An orc wizard (D:3)
  Terence (D:2)
  A gnoll (D:1)
  5 adders
  3 dart slugs
  3 orcs (D:3)
  2 endoplasms (D:2)
  A giant cockroach (D:1)
  8 hobgoblins
  7 jackals
  2 quokkas (D:3)
  5 ball pythons
  4 bats
  5 frilled lizards
  9 goblins
  3 kobolds (D:1)
  11 rats
74 creatures vanquished.

Notes
Turn   | Place    | Note
-------+----------+-------------------------------------------
     0 | D:1      | Daunt the Djinni Alchemist began the quest for the Orb.
     0 | D:1      | Daunt set off with the following spells memorised: Sting,
                  | Mercury Vapours, Mephitic Cloud, Olgreb's Toxic Radiance,
                  | Sticky Flame.
     0 | D:1      | Reached XP level 1. HP: 15/15 MP: 0/0
   132 | D:1      | Reached XP level 2. HP: 19/22 MP: 0/0
   135 | D:1      | Reached skill level 1 in Fighting
   344 | D:1      | Reached XP level 3. HP: 24/27 MP: 0/0
   344 | D:1      | Learned a level 1 spell: Necrotise
  1146 | D:2      | Reached XP level 4. HP: 32/33 MP: 0/0
  1266 | D:2      | Noticed Sigmund
  1291 | D:2      | Killed Sigmund
  1292 | D:2      | Reached XP level 5. HP: 15/41 MP: 0/0
  1292 | D:2      | Learned a level 2 spell: Jinxbite
  1292 | D:2      | Reached XP level 6. HP: 17/47 MP: 0/0
  1824 | D:2      | Noticed Terence
  1831 | D:2      | Killed Terence
  1895 | D:2      | Found a faded altar of an unknown god.
  2278 | D:3      | Noticed Ijyb
  2297 | D:3      | Killed Ijyb
  2414 | D:3      | Found a faded altar of an unknown god.
  2422 | D:3      | Prayed at the altar of an unknown god.
  2422 | D:3      | Became a worshipper of Hepliaklqana the Forgotten
  2422 | D:3      | Reached * piety under Hepliaklqana
  2503 | D:3      | Found a glowing golden altar of the Shining One.
  2584 | D:3      | Found a burning altar of Makhleb.
  2855 | D:3      | Reached XP level 7. HP: 47/47 MP: 0/0
  2855 | D:3      | Learned a level 2 spell: Lesser Beckoning
  2900 | D:3      | Found a stormy altar of Qazlal.
  3004 | D:4      | Noticed Duvessa
  3005 | D:4      | Noticed Dowan
  3011 | D:3      | Reached skill level 5 in Spellcasting
  3011 | D:3      | Reached skill level 5 in Conjurations
  3011 | D:3      | Reached skill level 5 in Hexes
  3011 | D:3      | Reached skill level 5 in Summonings
  3011 | D:3      | Reached skill level 5 in Necromancy
  3011 | D:3      | Reached skill level 5 in Translocations
  3011 | D:3      | Reached skill level 5 in Fire Magic
  3011 | D:3      | Reached skill level 5 in Ice Magic
  3011 | D:3      | Reached skill level 5 in Air Magic
  3011 | D:3      | Reached skill level 5 in Earth Magic
  3011 | D:3      | Reached skill level 5 in Alchemy
  3039 | D:4      | HP: 1/47 [orc/+1 dagger of distortion (5)]
  3041 | Abyss:1  | Cast into level 1 of the Abyss (orc)
  3062 | Abyss:1  | Found a shadowy altar of Dithmenos.
  3066 | Abyss:1  | Fell from the grace of Hepliaklqana
  3066 | Abyss:1  | Became a worshipper of Dithmenos the Shadowed
  3069 | Abyss:1  | Found a shadowy altar of Dithmenos.
  3069 | Abyss:1  | Noticed a small abomination
  3069 | Abyss:1  | Found a shadowy altar of Dithmenos.
  3076 | Abyss:1  | Noticed a worldbinder
  3078 | Abyss:1  | Noticed a deep elf knight
  3080 | Abyss:1  | Noticed a deep elf zephyrmancer
  3085 | Abyss:1  | Noticed a large abomination
  3088 | Abyss:1  | Noticed a lich
  3096 | Abyss:1  | Noticed an ancient zyme
  3098 | Abyss:1  | Slain by an ancient zyme

Illustrated notes

Levels and vault maps discovered:
D:1:      amcnicky_arrival_feature_with_door, layout_basic, minmay_hexomino_u4
D:2:      layout_loops_ring, hellmonk_ecumenical_altar_inner_sanctum,
          minmay_misc_feat_x, uniq_terence, uniq_sigmund
D:3:      layout_loops_cross, old_standard_altar, grunt_qazlal_clouds,
          mainiacjoe_overflow_swirl, nicolae_overflow_ecumenical_swirl,
          patterned_corridor, uniq_ijyb
D:4:      minmay_opposing_rooms, layout_cave_pools, zin_scriptorium,
          corexii_leaking_fountain, kennysheep_orc_chapel,
          uniq_crazy_yiuf_cottage, uniq_duvessa, uniq_eustachio
Abyss:1:  base: Temple, minivault_4

Skill      XL: |  1  2  3  4  5  6  7 |
---------------+----------------------+-----
Fighting       | 1 2 3 4 |  4.4
Spellcasting   | 4 5 |  5.0
Conjurations   | 4 5 |  5.0
Hexes          | 4 5 |  5.0
Summonings     | 4 5 |  5.0
Necromancy     | 4 5 |  5.0
Translocations | 4 5 |  5.0
Fire Magic     | 4 5 |  5.0
Ice Magic      | 4 5 |  5.0
Air Magic      | 4 5 |  5.0
Earth Magic    | 4 5 |  5.0
Alchemy        | 4 5 |  5.0
Dodging        | |  2.1
Stealth        | |  1.5

Action                     |  1- 3 |  4- 6 |  7- 9 || total
---------------------------+-------+-------+-------++-------
  Melee: Spear             |       |    13 |       ||    13
         Long sword        |       |    42 |     2 ||    44
         Punch             |       |     1 |       ||     1
   Cast: Sting             |    54 |    42 |     2 ||    98
         Mercury Vapours   |     1 |     3 |       ||     4
         Necrotise         |       |     2 |       ||     2
         Mephitic Cloud    |       |     5 |       ||     5
    Use: Potion            |       |     1 |     4 ||     5
   Stab: Sleeping          |       |     3 |       ||     3
         Confused          |       |     1 |       ||     1
 Armour: Robe              |     6 |    19 |       ||    25
         Leather armour    |       |     8 |     7 ||    15
  Dodge: Dodged            |     7 |    42 |    13 ||    62

Table legend: (Time is in decaauts)
 A = Elapsed time spent in this place.
 B = Non-inter-level travel time spent in this place.
 C = Inter-level travel time spent in this place.
 D = Time resting spent in this place.
 E = Time spent auto-exploring this place.
 F = Levels seen in this place.
 G = Mean time per level.
                   A        B        C        D        E       F      G
               +--------+--------+--------+--------+--------+-----+--------+
         Total |   3098 |   2913 |    185 |      0 |   2266 |   5 |  619.6 |
       Dungeon |   3061 |   2876 |    185 |      0 |   2266 |   4 |  765.2 |
         Abyss |     36 |     36 |      0 |      0 |      0 |   1 |   36.0 |
               +--------+--------+--------+--------+--------+-----+--------+

Top non-repeatable levels by time:
     D:1: 1093 daAuts
     D:2: 1004 daAuts
     D:3: 953 daAuts
 Abyss:1: 36 daAuts
     D:4: 9 daAuts
